 Dungeon Crawl Stone Soup version 0.21.1-1-g345015f (webtiles) character file.

20 aMcNicky the Grave Robber (level 2, -1/20 HPs)
             Began as a Hill Orc Necromancer on Mar 3, 2018.
             Slain by a leopard gecko (2 damage)
             ... on level 1 of the Dungeon.
             The game lasted 00:06:06 (847 turns).

aMcNicky the Grave Robber (Hill Orc Necromancer)     Turns: 847, Time: 00:06:07

Health: -1/20      AC:  2    Str: 10    XL:     2   Next: 79%
Magic:  2/4        EV: 12    Int: 15    God:
Gold:   0          SH:  0    Dex: 11    Spells: 2/4 levels left

rFire    . . .     SeeInvis .   e - -2 hand axe (curse)
rCold    . . .     Gourm    .   (no shield)
rNeg     . . .     Faith    .   a - +0 robe
rPois    .         Spirit   .   (no helmet)
rElec    .         Reflect  .   (no cloak)
rCorr    .         Harm     .   (no gloves)
MR       .....                  (no boots)
Stlth    ++........             (no amulet)
HPRegen  0.06/turn              (no ring)
MPRegen  0.09/turn              (no ring)

@: no status effects
A: no striking features
a: no special abilities


You were on level 1 of the Dungeon.
You were not hungry.

You visited 1 branch of the dungeon, and saw 1 of its levels.

Inventory:

Hand Weapons
 e - a cursed -2 hand axe (weapon)
 f - a +0 dagger
Armour
 a - a +0 robe (worn)
Scrolls
 d - 2 scrolls of amnesia {unknown}
 g - a scroll of noise {unknown}
Books
 b - a book of Necromancy

   Spells                             Type                      Level
   a - Pain                           Necromancy                   1
   b - Animate Skeleton               Necromancy                   1
   c - Vampiric Draining              Necromancy                   3
   d - Regeneration                   Charms/Necromancy            3
   e - Animate Dead                   Necromancy                   4
   f - Borgnjor's Vile Clutch         Necromancy/Earth             5
Comestibles
 c - a ration


   Skills:
 + Level 1.8 Dodging
 + Level 2.0 Stealth
 + Level 1.8 Spellcasting
 + Level 4.1 Necromancy


You had 2 spell levels left.
You knew the following spells:

 Your Spells              Type           Power        Failure   Level  Hunger
a - Pain                  Necr           ##..         4%          1    ##.....
b - Animate Skeleton      Necr           N/A          4%          1    ##.....


Dungeon Overview and Level Annotations

Branches:
Dungeon (1/15)

Altars:


Message History

You barely miss the leopard gecko. The leopard gecko closely misses you.
The leopard gecko bites you.
You miss the leopard gecko. You barely miss the kobold.
The leopard gecko barely misses you. The kobold hits you with a club.
The leopard gecko closely misses you.
You barely miss the kobold. You barely miss the leopard gecko.
The leopard gecko bites you.
* * * LOW HITPOINT WARNING * * *
The kobold hits you with a club.
* * * LOW HITPOINT WARNING * * *
The leopard gecko closely misses you.
Casting: Pain
Confirm with . or Enter, or press ? or * to list all spells.
Aiming: Pain
Press: ? - help, Shift-Dir - straight line, f - leopard gecko, p - kobold
Aim: a leopard gecko (chance to defeat MR: 83%)
The leopard gecko writhes in agony!
The leopard gecko barely misses you. The kobold completely misses you.
The leopard gecko bites you.
You die...

....#...)....###.................
....#........###.................
....#........#...................
....#........#........####.......
....#............................
...##............................
.................#...............
..........(....K.................
......(.......Kl@................
......##.......g.................
.......).......(........##.......
##+###...(....###.......##.......
.............## #.......##.......
.............# #........#......#
.......#.....# ####.....#.(..(.#
.......####### #.....#.....##
.......# ############'##########


You could see a leopard gecko, a hobgoblin and 2 kobolds.

Vanquished Creatures
  A dart slug (D:1)
  A leopard gecko (D:1)
  2 bats (D:1)
  A giant cockroach (D:1)
  A goblin (D:1)
  A hobgoblin (D:1)
  2 kobolds (D:1)
  2 frilled lizards (D:1)
11 creatures vanquished.

Vanquished Creatures (collateral kills)
  A giant cockroach (D:1)
  A goblin (D:1)
  4 jackals (D:1)
  A bat (D:1)
  A kobold (D:1)
  2 rats (D:1)
10 creatures vanquished.

Grand Total: 21 creatures vanquished

Notes
Turn   | Place    | Note
-------+----------+-------------------------------------------
     0 | D:1      | aMcNicky the Hill Orc Necromancer began the quest for the Orb.
     0 | D:1      | Reached XP level 1. HP: 14/14 MP: 3/3
     4 | D:1      | Learned a level 1 spell: Animate Skeleton
   193 | D:1      | Reached XP level 2. HP: 18/20 MP: 4/4
   847 | D:1      | Slain by a leopard gecko

Skill      XL: |  1  2 |
---------------+-------+-----
Stealth        | 2 |  2.0
Dodging        | |  1.8
Spellcasting   | |  1.8
Necromancy     | |  4.1

Action                   || total
-------------------------++-------
Melee: Unarmed           ||    13
       Hand axe          ||    12
 Cast: Animate Skeleton  ||    15
       Pain              ||    10
 Stab: Sleeping          ||     2
Armor: Robe              ||    11
Dodge: Dodged            ||    38
